 Dungeon Crawl Stone Soup version 0.18-a0-1514-g6ed9364 (webtiles) character file.

340 dvd the Ducker (level 6, -4/26 HPs)
             Began as a Felid Transmuter on Mar 6, 2016.
             Slain by a water moccasin (6 damage)
             ... on level 5 of the Dungeon.
             The game lasted 00:16:35 (6715 turns).

dvd the Ducker (Felid Transmuter)                   Turns: 6715, Time: 00:16:35

Health: -4/26      AC:  2    Str:  6    XL:     6   Next: 30%
Magic:  10/12      EV: 24    Int: 16    God:
Gold:   343        SH:  0    Dex: 22    Spells: 3 memorised, 4 levels left
                                        Lives:  0   Deaths: 1

rFire  . . .     SeeInvis +       - Unarmed
rCold  . . .     Gourm    .     (armour unavailable)
rNeg   . . .     Faith    .     (shield unavailable)
rPois  x         Spirit   .     (helmet unavailable)
rElec  .         Dismiss  .     (cloak unavailable)
rCorr  .         Reflect  .     (gloves unavailable)
SustAt .         Harm     .     (boots unavailable)
MR     .....                    (no amulet)
Stlth  +++.......               (no ring)
                                m - ring of wizardry

@: spider-form (expiring), not resistant to hostile enchantments, fairly
stealthy
A: no armour, no weapons or thrown items, (claws 0), (fangs 0), see invisible,
carnivore 3, (speed 0), (shaggy fur 0), slow metabolism 1, (sharp paws)
a: End Transformation


You were on level 5 of the Dungeon.
You were completely stuffed.
You were a venomous arachnid creature.
You visited 1 branch of the dungeon, and saw 5 of its levels.

You collected 343 gold pieces.

Inventory:

Missiles
 a - 35 arrows
Jewellery
 m - a ring of wizardry (left front leg)
Scrolls
 d - 6 scrolls of remove curse {unknown}
 e - a scroll of recharging {unknown}
 h - 2 scrolls of amnesia {unknown}
 i - a scroll of enchant weapon {unknown}
 j - 2 scrolls of blinking {unknown}
 k - 5 scrolls of identify {unknown}
 l - a scroll of fear {unknown}
 n - 2 scrolls of noise {unknown}
 o - a scroll of fog {unknown}
 q - a scroll of magic mapping {unknown}
 r - a scroll of teleportation {unknown}
 v - a scroll of enchant armour {unknown}
Potions
 f - 2 potions of heal wounds {unknown}
 g - a potion of haste
 p - a potion of brilliance {unknown}
 t - a potion of might {unknown}
Books
 b - a book of Changes

   Spells                             Type                      Level
   a - Beastly Appendage              Transmutation                1
   b - Sticks to Snakes               Transmutation                2
   c - Spider Form                    Transmutation/Poison         3
   d - Ice Form                       Ice/Transmutation            4
   e - Blade Hands                    Transmutation                5
Comestibles
 c - a meat ration
 s - a royal jelly
 u - a slice of pizza


   Skills:
 + Level 2.2 Fighting
 + Level 4.6 Dodging
 + Level 2.3 Stealth
 + Level 4.1 Unarmed Combat
 * Level 3.6 Spellcasting
 * Level 4.5 Transmutations
 * Level 0.5 Ice Magic
 + Level 1.0 Poison Magic


You had 4 spell levels left.
You knew the following spells:

 Your Spells              Type           Power        Failure   Level  Hunger
a - Beastly Appendage     Trmt           ###...       4%          1    None
b - Spider Form           Trmt/Pois      ##........   16%         3    ###....
c - Ice Form              Ice/Trmt       ##......     58%         4    ####...


Dungeon Overview and Level Annotations

Branches:
Dungeon (5/15)
 Temple: D:4-7

Altars:
Elyvilon
Pakellas
Qazlal


Innate Abilities, Weirdness & Mutations

You cannot wear armour.
You are incapable of wielding weapons or throwing items.
((You have sharp claws.))
((You have razor-sharp teeth.))
You have supernaturally acute eyesight.
You are carnivorous and can eat meat at any time.
((You cover ground quickly.))
((You are covered in thick fur (AC +2).))
You have a slow metabolism.
((Your sharp claws are effective at attacking unaware monsters.))


Message History

You bite the water moccasin!
The water moccasin is moderately wounded.
The water moccasin closely misses you.
You hit the water moccasin but do no damage.
The water moccasin is moderately wounded.
The water moccasin completely misses you.
You hit the water moccasin.
The water moccasin is poisoned.
The water moccasin is heavily wounded.
The water moccasin bites you.
* * * LOW HITPOINT WARNING * * *
The water moccasin misses you.
The water moccasin completely misses you.
The water moccasin completely misses you.
Your transformation is almost over.
The water moccasin bites you.
* * * LOW HITPOINT WARNING * * *
You barely miss the water moccasin.
The water moccasin is severely wounded.
The water moccasin bites you.
You die...

#.......####.....#
.................#
#.###.#.####.....#
###......#.....#
......#.##.#######
#####.#.# .# #....# .#
####..####.#
###.......Ss.# #..
....##.#.##### #..
##..##.#.### #...
#..##.....######
.....##..####.........
....#...####.#.######
#..#..........###
#........######
.#####.##


You could see a water moccasin.

Vanquished Creatures
  A centaur (D:5)
  A scorpion (D:4)
  2 orc priests
  Terence (D:3)
  2 worker ants (D:4)
  Natasha (twice) (D:3)
  A hound skeleton (D:5)
  3 gnolls (D:4)
  7 adders
  A shadow imp (D:5)
  An adder zombie (D:5)
  4 worms
  3 dart slugs
  3 giant geckos
  11 orcs
  9 bats
  3 giant cockroaches (D:2)
  7 goblins
  5 hobgoblins
  4 jackals (D:2)
  5 kobolds
  2 quokkas
  A ball python (D:1)
  2 giant newts (D:2)
  A quokka skeleton (D:4)
  4 rats
86 creatures vanquished.

Notes
Turn   | Place    | Note
--------------------------------------------------------------
     0 | D:1      | dvd the Felid Transmuter began the quest for the Orb.
     0 | D:1      | Reached XP level 1. HP: 9/9 MP: 4/4
   357 | D:1      | Reached XP level 2. HP: 6/12 MP: 3/6
  1636 | D:2      | Reached XP level 3. HP: 8/15 MP: 4/7
  1909 | D:2      | Learned a level 3 spell: Spider Form
  2287 | D:2      | Found a white marble altar of Elyvilon.
  2499 | D:1      | Reached skill level 1 in Stealth
  2801 | D:2      | Reached XP level 4. HP: 19/19 MP: 4/8
  3703 | D:3      | Reached XP level 5. HP: 22/22 MP: 3/10
  4579 | D:3      | Noticed Natasha
  4584 | D:3      | Killed Natasha
  4618 | D:3      | Noticed Terence
  4618 | D:3      | Noticed Natasha
  4624 | D:3      | Killed Natasha
  4631 | D:3      | Killed Terence
  5123 | D:4      | Found a stormy altar of Qazlal.
  5192 | D:4      | Found an oddly glowing altar of Pakellas.
  5389 | D:4      | Gained mutation: You are covered in thick fur (AC +2). [Felid growth]
  5389 | D:4      | Reached XP level 6. HP: 3/26 MP: 8/12
  5770 | D:4      | Learned a level 4 spell: Ice Form
  5842 | D:4      | Found an oddly glowing altar of Pakellas.
  5889 | D:4      | Slain by a gnoll
  5890 | D:4      | Reached XP level 5. HP: 0/22 MP: 9/11
  6128 | D:4      | Reached skill level 1 in Poison Magic
  6436 | D:4      | Noticed a phantom
  6465 | D:5      | Entered Level 5 of the Dungeon
  6478 | D:5      | Noticed a centaur
  6490 | D:5      | Killed a centaur
  6490 | D:5      | Reached XP level 6. HP: 24/26 MP: 9/12
  6687 | D:5      | Noticed a water moccasin
  6714 | D:5      | HP: 1/26 [water moccasin (6)]
  6715 | D:5      | Slain by a water moccasin

Vault maps used:
D:1:      dpeg_arrival_boxes_within_box
D:2:      elyvilon_altar_5
D:3:      first_bread, uniq_terence, uniq_natasha
D:4:      overflow_temple_1_default, lemuel_doored_altar, grunt_pakellas_sulfur
D:5:      temple_fountains, basic_altar

Skill      XL: |  1  2  3  4  5  6 |
---------------+-------------------+-----
Dodging        | 3 4 |  4.6
Stealth        | 1 2 |  2.3
Transmutations | 3 4 |  4.5
Spellcasting   | 3 |  3.6
Unarmed Combat | 4 |  4.1
Fighting       | 2 |  2.2
Poison Magic   | 1 |  1.0
Ice Magic      | |  0.5

Action                   |  1- 3 |  4- 6 || total
-------------------------+-------+-------++-------
Melee: Unarmed           |   115 |   159 ||   274
 Cast: Beastly Appendage |    30 |     3 ||    33
       Spider Form       |     3 |    30 ||    33
  Use: Potion            |     4 |       ||     4
 Stab: Sleeping          |     7 |     4 ||    11
  Eat: Chunk             |    12 |    17 ||    29
